NYP
CONNECTICUT TIGERS @ MAHONING VALLEY SCRAPPERS
05/06/2045
 
TOP OF THE 1ST
Connecticut Tigers batting - Pitching for Mahoning Valley Scrappers : RHP Mario Trujillo
Pitching: RHP Mario Trujillo
Batting: RHB John Welch 0-0: Ball
1-0: Swinging Strike
1-1: Ball
2-1: Ball
3-1: Base on Balls
Batting: RHB Tanner Purchase 0-0: Ball
1-0: Called Strike
1-1: Ball
2-1: Fielders Choice at 2nd, 3-6 (Groundball, 34, EV 86.2 MPH)
Batting: RHB John Evancho 0-0: Called Strike
0-1: Ball
1-1: Ball
Tanner Purchase steals 2nd base (no throw)
2-1: SINGLE (Line Drive, 78M, EV 102.5 MPH)
Tanner Purchase to third
Runner from 3rd tries for Home, SAFE, throw by CF to home
John Evancho to second
Batting: SHB Ross Holland 0-0: Ball
1-0: Ball
2-0: Ball
3-0: Base on Balls
Batting: RHB Eric Angelle 0-0: 3-RUN HOME RUN (Flyball, 7D, EV 99.4 MPH), Distance : 392 ft
Batting: LHB Tokugoro Adachi 0-0: Foul Ball, location: 2F
0-1: Ball
1-1: Swinging Strike
1-2: Foul Ball, location: 2F
1-2: Ball
2-2: Ball
3-2: Base on Balls
Batting: SHB Sean Foley 0-0: Ball
1-0: Ball
2-0: Ball
3-0: Base on Balls
Tokugoro Adachi to second
Batting: LHB Miguel Bojorquez 0-0: Ball
1-0: Called Strike
1-1: Called Strike
1-2: Foul Ball, location: 2F
1-2: Ball
2-2: Ball
3-2: Fielders Choice at 2nd, 3-6 (Groundball, 3, EV 90.0 MPH)
Tokugoro Adachi to third
Batting: RHB Jordan Hall 0-0: 3-RUN HOME RUN (Flyball, 9LD, EV 97.5 MPH), Distance : 343 ft
Batting: RHB John Welch 0-0: Ground out 4-3 (Groundball, 34, EV 91.2 MPH)
Top of the 1st over - 7 runs, 3 hits, 0 errors, 0 left on base; Connecticut 7 - Mahoning Valley 0
BOTTOM OF THE 1ST
Mahoning Valley Scrappers batting - Pitching for Connecticut Tigers : RHP Ricky Tercero
Pitching: RHP Ricky Tercero
Batting: RHB Jonathan Underhill 0-0: Called Strike
0-1: Called Strike
0-2: Ball
1-2: Strikes out swinging
Batting: RHB Koen van Oort 0-0: Called Strike
0-1: Ball
1-1: Foul Ball, location: 2F
1-2: Foul Ball, location: 2F
1-2: Ball
2-2: Fly out, F8 (Flyball, 8RD, EV 98.1 MPH)
Batting: RHB Mike Sims 0-0: Called Strike
0-1: Fly out, F8 (Flyball, 8RXD, EV 96.9 MPH)
Bottom of the 1st over - 0 runs, 0 hits, 0 errors, 0 left on base; Connecticut 7 - Mahoning Valley 0
TOP OF THE 2ND
Connecticut Tigers batting - Pitching for Mahoning Valley Scrappers : RHP Mario Trujillo
Batting: RHB Tanner Purchase 0-0: Ground out 1-3 (Groundball, 13S, EV 70.6 MPH)
Batting: RHB John Evancho 0-0: Ground out 4-3 (Groundball, 4, EV 81.2 MPH)
Batting: SHB Ross Holland 0-0: Ball
1-0: Ball
2-0: TRIPLE (Line Drive, 78XD, EV 105.6 MPH)
Batting: RHB Eric Angelle 0-0: Called Strike
0-1: TRIPLE (Line Drive, 89XD, EV 111.9 MPH)
Ross Holland scores
Pitching: LHP Bertrand Preece
Batting: LHB Tokugoro Adachi 0-0: Called Strike
0-1: Swinging Strike
0-2: Ball
1-2: SINGLE (Flyball, 89M, EV 91.9 MPH)
Eric Angelle scores
Batting: SHB Sean Foley 0-0: Foul Ball, location: 2F
0-1: Fly out, F7 (Flyball, 78XD, EV 95.0 MPH)
Top of the 2nd over - 2 runs, 3 hits, 0 errors, 1 left on base; Connecticut 9 - Mahoning Valley 0
BOTTOM OF THE 2ND
Mahoning Valley Scrappers batting - Pitching for Connecticut Tigers : RHP Ricky Tercero
Batting: SHB Charlie Diesel 0-0: Foul Ball, location: 2F
0-1: Swinging Strike
0-2: Ball
1-2: Foul Ball, location: 2F
1-2: Foul Ball, location: 2F
1-2: Foul Ball, location: 2F
1-2: Ball
2-2: Foul Ball, location: 2F
2-2: Ball
3-2: SINGLE (Groundball, 34D, EV 108.1 MPH)
Batting: LHB Tommy Williams 0-0: Ground out 6-3 (Groundball, 6MS, EV 68.1 MPH)
Charlie Diesel to second
Batting: RHB Santos Guadalupe 0-0: Foul Ball, location: 2F
0-1: Ground out 4-3 (Groundball, 4M, EV 106.9 MPH)
Charlie Diesel to third
Batting: RHB Edolf Vlemmings 0-0: Ball
1-0: Swinging Strike
1-1: Swinging Strike
1-2: Strikes out swinging
Bottom of the 2nd over - 0 runs, 1 hit, 0 errors, 1 left on base; Connecticut 9 - Mahoning Valley 0
TOP OF THE 3RD
Connecticut Tigers batting - Pitching for Mahoning Valley Scrappers : LHP Bertrand Preece
Batting: LHB Miguel Bojorquez 0-0: Ball
1-0: Foul Ball, location: 2F
1-1: Called Strike
1-2: Ground out 4-3 (Groundball, 4S, EV 83.1 MPH)
Batting: RHB Jordan Hall 0-0: DOUBLE (Groundball, 3L, EV 106.9 MPH)
Batting: RHB John Welch 0-0: Ball
1-0: Ground out 6-3 (Groundball, 6, EV 91.9 MPH)
Batting: RHB Tanner Purchase 0-0: Foul Ball, location: 2F
0-1: Called Strike
0-2: Ball
1-2: Fly out, F9 (Line Drive, 9, EV 92.5 MPH)
Top of the 3rd over - 0 runs, 1 hit, 0 errors, 1 left on base; Connecticut 9 - Mahoning Valley 0
BOTTOM OF THE 3RD
Mahoning Valley Scrappers batting - Pitching for Connecticut Tigers : RHP Ricky Tercero
Batting: RHB Nelson Trujillo 0-0: Called Strike
0-1: Called Strike
0-2: Fly out, F7 (Flyball, 7, EV 88.8 MPH)
Batting: RHB Zach Robbins 0-0: Foul Ball, location: 2F
0-1: Ball
1-1: Foul Ball, location: 2F
1-2: Strikes out swinging
Batting: RHB Jonathan Underhill 0-0: Ball
1-0: Foul Ball, location: 2F
1-1: Ball
2-1: SINGLE (Flyball, 89S, EV 96.9 MPH)
Batting: RHB Koen van Oort 0-0: Ball
1-0: Called Strike
1-1: Ball
2-1: Fly out, F7 (Line Drive, 7D, EV 97.5 MPH)
Bottom of the 3rd over - 0 runs, 1 hit, 0 errors, 1 left on base; Connecticut 9 - Mahoning Valley 0
TOP OF THE 4TH
Connecticut Tigers batting - Pitching for Mahoning Valley Scrappers : LHP Bertrand Preece
Batting: RHB John Evancho 0-0: Called Strike
0-1: Called Strike
0-2: SINGLE (Groundball, 6MD, EV 93.8 MPH)
Batting: SHB Ross Holland Balk!
John Evancho to second
0-0: Ball
Wild Pitch!
John Evancho to third
1-0: Called Strike
1-1: Ball
Balk!
John Evancho scores
2-1: Ball
3-1: Foul Ball, location: 2F
3-2: Base on Balls
Batting: RHB Eric Angelle 0-0: DOUBLE (Line Drive, 7LM, EV 106.2 MPH)
Ross Holland to third
Batting: LHB Tokugoro Adachi 0-0: Ball
1-0: Ball
Wild Pitch!
Ross Holland scores
Eric Angelle to third
2-0: Ball
3-0: Base on Balls
Batting: SHB Sean Foley 0-0: Called Strike
0-1: Ball
1-1: DOUBLE (Line Drive, 5D, EV 105.6 MPH)
Eric Angelle scores
Tokugoro Adachi to third
Batting: LHB Miguel Bojorquez 0-0: Ball
1-0: Ball
2-0: Foul Ball, location: 2F
2-1: Reached on error, E6 (Groundball, P, EV 83.8 MPH)
Tokugoro Adachi scores
Sean Foley scores
Pitching: RHP John Gernaat
Batting: RHB Jordan Hall 0-0: Foul Ball, location: 2F
0-1: Ball
1-1: Called Strike
1-2: Ball
2-2: Strikes out swinging
Batting: RHB John Welch 0-0: Called Strike
0-1: Ball
1-1: Ball
2-1: Foul Ball, location: 2F
2-2: Foul Ball, location: 2F
2-2: Ball
3-2: Base on Balls
Batting: RHB Tanner Purchase 0-0: Ball
1-0: Called Strike
1-1: Swinging Strike
1-2: Fielders Choice at 2nd, 1-4 (Groundball, 15S, EV 65.6 MPH)
Miguel Bojorquez to third
Batting: RHB John Evancho 0-0: Ball
Balk!
Miguel Bojorquez scores
Tanner Purchase to second
1-0: Called Strike
1-1: Ball
2-1: Swinging Strike
2-2: Ground out 6-3 (Groundball, 6, EV 87.5 MPH)
Top of the 4th over - 6 runs, 3 hits, 1 error, 1 left on base; Connecticut 15 - Mahoning Valley 0
BOTTOM OF THE 4TH
Mahoning Valley Scrappers batting - Pitching for Connecticut Tigers : RHP Ricky Tercero
Batting: RHB Mike Sims 0-0: Ground out 6-3 (Groundball, 6, EV 105.0 MPH)
Batting: SHB Charlie Diesel 0-0: Ball
1-0: Foul Ball, location: 2F
1-1: Ground out 4-3 (Groundball, 4, EV 82.5 MPH)
Batting: LHB Tommy Williams 0-0: Ball
1-0: Called Strike
1-1: Ball
2-1: Foul Ball, location: 2F
2-2: Ball
3-2: Fly out, F9 (Flyball, 89M, EV 87.5 MPH)
Bottom of the 4th over - 0 runs, 0 hits, 0 errors, 0 left on base; Connecticut 15 - Mahoning Valley 0
TOP OF THE 5TH
Connecticut Tigers batting - Pitching for Mahoning Valley Scrappers : RHP John Gernaat
Batting: SHB Ross Holland 0-0: Swinging Strike
0-1: Foul Ball, location: 2F
0-2: Strikes out swinging
Batting: RHB Eric Angelle 0-0: Ball
1-0: Ball
2-0: Ball
3-0: Called Strike
3-1: Called Strike
3-2: Base on Balls
Batting: LHB Tokugoro Adachi 0-0: Ball
1-0: Ball
2-0: Swinging Strike
Balk!
Eric Angelle to second
2-1: Ball
3-1: Foul Ball, location: 2F
3-2: Foul Ball, location: 2F
3-2: Foul Ball, location: 2F
3-2: Base on Balls
Batting: SHB Sean Foley 0-0: Called Strike
0-1: Called Strike
0-2: TRIPLE (Flyball, 89XD, EV 101.2 MPH)
Eric Angelle scores
Tokugoro Adachi scores
Batting: LHB Miguel Bojorquez 0-0: Ball
Balk!
Sean Foley scores
1-0: Called Strike
1-1: Ball
2-1: Foul Ball, location: 2F
2-2: Ground out 6-3 (Groundball, 6MS, EV 83.8 MPH)
Batting: RHB Jordan Hall 0-0: Ball
1-0: Swinging Strike
1-1: Foul Ball, location: 2F
1-2: Ball
2-2: Ball
3-2: Base on Balls
Pitching: RHP Tibalt Sklavenitis
Batting: RHB John Welch 0-0: Called Strike
0-1: Swinging Strike
0-2: Fly out, F7 (Flyball, 78M, EV 94.4 MPH)
Top of the 5th over - 3 runs, 1 hit, 0 errors, 1 left on base; Connecticut 18 - Mahoning Valley 0
BOTTOM OF THE 5TH
Mahoning Valley Scrappers batting - Pitching for Connecticut Tigers : RHP Ricky Tercero
Batting: RHB Santos Guadalupe 0-0: Called Strike
0-1: Called Strike
0-2: Foul Ball, location: 2F
0-2: Foul Ball, location: 2F
0-2: Ball
1-2: Ground out 3-1 (Groundball, 13, EV 81.2 MPH)
Batting: RHB Edolf Vlemmings 0-0: TRIPLE (Line Drive, 89XD, EV 111.2 MPH)
Batting: RHB Nelson Trujillo 0-0: SINGLE (Groundball, 34D, EV 108.8 MPH)
Edolf Vlemmings scores
Batting: RHB Zach Robbins 0-0: Called Strike
0-1: Hit by Pitch
Nelson Trujillo to second
Batting: RHB Jonathan Underhill 0-0: Ball
1-0: Ball
2-0: Ball
3-0: Base on Balls
Nelson Trujillo to third
Zach Robbins to second
Batting: RHB Koen van Oort 0-0: Ball
1-0: DOUBLE (Line Drive, 3D, EV 97.5 MPH)
Nelson Trujillo scores
Zach Robbins scores
Jonathan Underhill to third
Batting: RHB Mike Sims 0-0: Foul Ball, location: 2F
0-1: Swinging Strike
0-2: Ball
1-2: Ball
2-2: Ball
3-2: Ground out 4-3 (Groundball, 34, EV 85.0 MPH)
Jonathan Underhill scores
Koen van Oort to third
Batting: SHB Charlie Diesel 0-0: Swinging Strike
0-1: Ball
1-1: Ball
2-1: Ball
3-1: Base on Balls
Batting: LHB Tommy Williams 0-0: Ball
1-0: Swinging Strike
1-1: Foul Ball, location: 2F
1-2: Foul Ball, location: 2F
1-2: Foul Ball, location: 2F
1-2: Strikes out looking
Bottom of the 5th over - 4 runs, 3 hits, 0 errors, 2 left on base; Connecticut 18 - Mahoning Valley 4
TOP OF THE 6TH
Connecticut Tigers batting - Pitching for Mahoning Valley Scrappers : RHP Tibalt Sklavenitis
Batting: RHB Tanner Purchase 0-0: Ball
1-0: Ball
2-0: Ball
3-0: Base on Balls
Batting: RHB John Evancho 0-0: Fly out, F7 (Line Drive, 7D, EV 96.9 MPH)
Batting: SHB Ross Holland 0-0: Ball
1-0: 2-RUN HOME RUN (Flyball, 9D, EV 102.5 MPH), Distance : 412 ft
Batting: RHB Eric Angelle 0-0: Ball
1-0: Called Strike
1-1: Called Strike
1-2: Ball
2-2: Foul Ball, location: 2F
2-2: Ball
3-2: Fly out, F8 (Flyball, 8LD, EV 75.6 MPH)
Batting: LHB Tokugoro Adachi 0-0: Ball
1-0: Called Strike
1-1: Foul Ball, location: 2F
1-2: Ball
2-2: Strikes out looking
Top of the 6th over - 2 runs, 1 hit, 0 errors, 0 left on base; Connecticut 20 - Mahoning Valley 4
BOTTOM OF THE 6TH
Mahoning Valley Scrappers batting - Pitching for Connecticut Tigers : RHP Ricky Tercero
Batting: RHB Santos Guadalupe 0-0: Ball
1-0: Foul Ball, location: 2F
1-1: Called Strike
1-2: Ball
2-2: Ball
3-2: SINGLE (Groundball, 34D, EV 105.6 MPH)
Pitching: RHP Scott King
Batting: RHB Edolf Vlemmings 0-0: Foul Ball, location: 2F
0-1: Swinging Strike
0-2: Strikes out looking
Batting: RHB Nelson Trujillo 0-0: Foul Ball, location: 2F
0-1: Ball
1-1: Called Strike
1-2: Foul Ball, location: 2F
1-2: Strikes out swinging
Batting: RHB Zach Robbins 0-0: Ball
1-0: Called Strike
1-1: Swinging Strike
1-2: Strikes out swinging
Bottom of the 6th over - 0 runs, 1 hit, 0 errors, 1 left on base; Connecticut 20 - Mahoning Valley 4
TOP OF THE 7TH
Connecticut Tigers batting - Pitching for Mahoning Valley Scrappers : RHP Tibalt Sklavenitis
Batting: SHB Sean Foley 0-0: Swinging Strike
0-1: Swinging Strike
0-2: Strikes out swinging
Batting: LHB Miguel Bojorquez 0-0: Ball
1-0: Ball
2-0: Foul Ball, location: 2F
2-1: Ball
3-1: Ground out U3 (Groundball, 34S, EV 75.0 MPH)
Batting: RHB Jordan Hall 0-0: Called Strike
0-1: Ball
1-1: Foul Ball, location: 2F
1-2: Foul Ball, location: 2F
1-2: Foul Ball, location: 2F
1-2: Ball
2-2: SINGLE (Line Drive, 8RS, EV 100.0 MPH)
Batting: RHB John Welch 0-0: Fly out, F7 (Flyball, 78M, EV 97.5 MPH)
Top of the 7th over - 0 runs, 1 hit, 0 errors, 1 left on base; Connecticut 20 - Mahoning Valley 4
BOTTOM OF THE 7TH
Mahoning Valley Scrappers batting - Pitching for Connecticut Tigers : RHP Scott King
Pinch Hitting: RHB Jose Trevino 0-0: Ball
1-0: Ball
2-0: Ball
3-0: Called Strike
3-1: Base on Balls
Pitching: LHP Neil Palazzo
Pinch Hitting: RHB Melvin Villagomez 0-0: Called Strike
0-1: Ball
1-1: SINGLE (Groundball, 56D, EV 110.0 MPH)
Jose Trevino to second
Batting: RHB Mike Sims 0-0: Ball
Passed Ball!
Jose Trevino to third
Melvin Villagomez to second
1-0: Ball
2-0: Called Strike
2-1: Foul Ball, location: 2F
2-2: Ground out 6-3 (Groundball, 6S, EV 88.1 MPH)
Jose Trevino scores
Melvin Villagomez to third
Pinch Hitting: RHB Eduardo Ramirez 0-0: Called Strike
0-1: Swinging Strike
0-2: SINGLE (Groundball, 56D, EV 98.8 MPH)
Melvin Villagomez scores
Batting: LHB Tommy Williams 0-0: Ball
1-0: Called Strike
1-1: Fielders Choice at 2nd, 1-6 (Groundball, P, EV 70.0 MPH)
Batting: RHB Santos Guadalupe 0-0: Called Strike
Tommy Williams steals 2nd base (no throw)
0-1: Ground out 4-3 (Groundball, 4, EV 90.6 MPH)
Bottom of the 7th over - 2 runs, 2 hits, 0 errors, 1 left on base; Connecticut 20 - Mahoning Valley 6
TOP OF THE 8TH
Connecticut Tigers batting - Pitching for Mahoning Valley Scrappers : RHP Tibalt Sklavenitis
Now at 1B: Eduardo Ramirez
Now at 2B: Melvin Villagomez
Now at 3B: Jose Trevino
Batting: RHB Tanner Purchase 0-0: TRIPLE (Line Drive, 89XD, EV 107.5 MPH)
Batting: RHB John Evancho 0-0: Fly out, F8 (Flyball, 8LXD, EV 103.1 MPH)
Runner from 3rd tags up, SCORES, no throw by CF
Batting: SHB Ross Holland 0-0: Reached on error, E5 (Groundball, 56S, EV 84.4 MPH)
Batting: RHB Eric Angelle 0-0: Called Strike
0-1: Swinging Strike
0-2: Ball
1-2: Foul Ball, location: 2F
1-2: Strikes out swinging
Batting: LHB Tokugoro Adachi Balk!
Ross Holland to second
0-0: Called Strike
0-1: Ball
1-1: SINGLE (Groundball, 34S, EV 73.8 MPH) (infield hit)
Ross Holland to third
Batting: SHB Sean Foley 0-0: Ball
1-0: Ball
2-0: Ball
Wild Pitch!
Ross Holland scores
Tokugoro Adachi to second
3-0: Swinging Strike
3-1: Base on Balls
Pitching: RHP Andy White
Batting: LHB Miguel Bojorquez 0-0: Ball
1-0: Foul Ball, location: 2F
1-1: SINGLE (Groundball, 5D, EV 102.5 MPH)
Tokugoro Adachi to third
Sean Foley to second
Runner from 3rd tries for Home, SAFE, throw by LF to home
Batting: RHB Jordan Hall 0-0: Called Strike
0-1: Ball
1-1: Ball
2-1: Ball
3-1: Base on Balls
Sean Foley to third
Miguel Bojorquez to second
Batting: RHB John Welch 0-0: Ball
1-0: Called Strike
1-1: Hit by Pitch
Sean Foley scores
Miguel Bojorquez to third
Jordan Hall to second
Batting: RHB Tanner Purchase 0-0: Ground out 4-3 (Groundball, 34D, EV 95.6 MPH)
Top of the 8th over - 4 runs, 3 hits, 1 error, 3 left on base; Connecticut 24 - Mahoning Valley 6
BOTTOM OF THE 8TH
Mahoning Valley Scrappers batting - Pitching for Connecticut Tigers : LHP Neil Palazzo
Batting: RHB Edolf Vlemmings 0-0: Ground out 6-3 (Groundball, 6, EV 79.4 MPH)
Batting: RHB Nelson Trujillo 0-0: Ball
1-0: Swinging Strike
1-1: Ball
2-1: Foul Ball, location: 2F
2-2: Ball
3-2: Strikes out looking
Batting: RHB Zach Robbins 0-0: Swinging Strike
0-1: Foul Ball, location: 2F
0-2: Foul Ball, location: 2F
0-2: Ball
1-2: Strikes out looking
Bottom of the 8th over - 0 runs, 0 hits, 0 errors, 0 left on base; Connecticut 24 - Mahoning Valley 6
TOP OF THE 9TH
Connecticut Tigers batting - Pitching for Mahoning Valley Scrappers : RHP Andy White
Batting: RHB John Evancho 0-0: Ground out 5-3 (Groundball, 56S, EV 84.4 MPH)
Batting: SHB Ross Holland 0-0: Ball
1-0: Foul Ball, location: 2F
1-1: Ball
2-1: Ball
3-1: Base on Balls
Batting: RHB Eric Angelle 0-0: Ball
1-0: Foul Ball, location: 2F
1-1: Ball
2-1: Swinging Strike
2-2: Ball
3-2: Base on Balls
Ross Holland to second
Pinch Hitting: RHB Brian Singer 0-0: Ball
1-0: Ball
Wild Pitch!
Ross Holland to third
Eric Angelle to second
2-0: Ground out 6-3 (Groundball, 6S, EV 70.0 MPH)
Ross Holland scores
Eric Angelle to third
Batting: SHB Sean Foley 0-0: Foul Ball, location: 2F
0-1: Ball
1-1: Ground out 6-3 (Groundball, 6, EV 86.2 MPH)
Top of the 9th over - 1 run, 0 hits, 0 errors, 1 left on base; Connecticut 25 - Mahoning Valley 6
BOTTOM OF THE 9TH
Mahoning Valley Scrappers batting - Pitching for Connecticut Tigers : LHP Neil Palazzo
Pitching: RHP Dan Keener
Now at C: Brian Singer
Batting: RHB Jose Trevino 0-0: Ground out 6-3 (Groundball, 6, EV 78.1 MPH)
Batting: RHB Melvin Villagomez 0-0: Called Strike
0-1: Called Strike
0-2: Ball
1-2: Ball
2-2: Fly out, F6 (Line Drive, 6, EV 71.2 MPH)
Batting: RHB Mike Sims 0-0: Ball
1-0: Ball
2-0: Called Strike
2-1: Swinging Strike
2-2: Strikes out swinging
Bottom of the 9th over - 0 runs, 0 hits, 0 errors, 0 left on base; Connecticut 25 - Mahoning Valley 6
Wednesday, June 22nd , 2022 - OOTP Baseball 23.4 Build 64